 Dungeon Crawl Stone Soup version 0.17-a0-1914-gde4187c (webtiles) character file.

8752 tp1 the Fighter (level 11, 0/72 HPs)
             Began as a Gargoyle Berserker on Sept 26, 2015.
             Was an Elder of Trog.
             Slain by a komodo dragon (14 damage)
             ... on level 9 of the Dungeon.
             The game lasted 01:05:17 (8532 turns).

tp1 the Fighter (Gargoyle Berserker)                Turns: 8532, Time: 01:05:17

Health: 0/72       AC: 24    Str: 22    XL:     11   Next: 35%
Magic:  11/11      EV:  9    Int: 11    God:    Trog [****..]
Gold:   471        SH:  0    Dex: 11    Spells: 0 memorised, 10 levels left

rFire  . . .     SeeInvis .     r - +1 war axe
rCold  . . .     Clarity  .     O - +1 plate armour
rNeg   + . .     SustAt   .     (no shield)
rPois  ∞         Gourm    .     (helmet restricted)
rElec  +         Spirit   .     (no cloak)
rCorr  .         Warding  .     (no gloves)
rMut   .         Stasis   .     u - +0 pair of boots
MR     .....                    (no amulet)
Stlth  ..........               v - +3 ring of intelligence
                                (no ring)

@: not resistant to hostile enchantments, extremely unstealthy
A: horns 1, negative energy resistance 1, electricity resistance, unbreathing,
petrification resistance, rot immunity, AC +7
a: Burn Spellbooks, Berserk, Trog's Hand, Brothers in Arms, Renounce Religion


You were on level 9 of the Dungeon.
You worshipped Trog.
Trog was greatly pleased with you.
You were very hungry.

You visited 1 branch of the dungeon, and saw 9 of its levels.

You collected 471 gold pieces.

Inventory:

Hand weapons
 r - a +1 war axe (weapon)
Armour
 u - a +0 pair of boots (worn)
 A - the +0 helmet "Eroy" {rPois Dex+4, unknown}
   (You found it on level 6 of the Dungeon)

   It affects your dexterity (+4).
   It protects you from poison.
 O - a +1 plate armour (worn)
Jewellery
 k - an uncursed ring of teleportation
 s - an uncursed ring of stealth {unknown}
 v - a +3 ring of intelligence (right hand)
 L - the amulet of Qigod {Gourm rF++, unknown}
   (You found it on level 7 of the Dungeon)

   [amulet of the gourmand]

   It allows you to eat raw meat even when not hungry.
   It greatly protects you from fire.
Magical devices
 j - a wand of digging (10)
 w - a wand of frost (21)
 E - a wand of paralysis (9)
 J - a wand of frost (6)
Scrolls
 d - 2 scrolls of teleportation
 n - 4 scrolls of enchant weapon
 o - 3 scrolls of remove curse
 q - 4 scrolls of identify
 t - 2 scrolls of recharging
 x - 2 scrolls of blinking
 y - a scroll of amnesia
 I - a scroll of silence {unknown}
Potions
 a - 2 potions of cancellation {unknown}
 b - a potion of flight
 e - a potion of heal wounds
 f - a potion of ambrosia {unknown}
 g - 2 potions of agility
 i - a potion of magic
 l - a potion of mutation {unknown}
 m - a potion of beneficial mutation
 p - 2 potions of cure mutation
 H - 2 potions of berserk rage
Books
 D - a book of Party Tricks

   Spells                             Type                      Level
   a - Summon Butterflies             Summoning                    1
   b - Apportation                    Translocation                1
   c - Tukima's Dance                 Hexes                        3
   d - Alistair's Intoxication        Transmutation/Poison         4
   e - Invisibility                   Hexes                        6
   Trog disapproves of the use of such an item.
Miscellaneous
 F - a lantern of shadows
Comestibles
 c - a bread ration
 h - 2 beef jerkies
 z - 3 meat rations
 B - 3 slices of pizza
 C - 11 royal jellies
 G - 2 fruits


   Skills:
 + Level 10.2 Fighting
 + Level 9.7 Axes
 + Level 10.1 Armour
 + Level 5.1 Dodging
 + Level 1.9 Stealth
 + Level 0.6 Evocations


You had 10 spell levels left.
You didn't know any spells.

Dungeon Overview and Level Annotations

Branches:
Dungeon (9/15)             Temple (0/1) D:4
   Lair: D:8-11         Orc: D:9-12

Altars:
Elyvilon
Gozag
Kikubaaqudgha
Qazlal
Sif Muna
Vehumet
The Shining One

Shops:
D:8 }


Innate Abilities, Weirdness & Mutations

You are resistant to torment.
Your stone body is resilient (AC +7).
You are immune to poison.
You resist negative energy.
You are resistant to electric shocks.
You can survive without breathing.
You are immune to petrification.
You are immune to rotting.
You have a pair of small horns on your head.


Message History

You completely miss the komodo dragon.
The komodo dragon is moderately wounded.
The komodo dragon bites you but does no damage.
You slash the komodo dragon!
The komodo dragon is heavily wounded.
The komodo dragon barely misses you.
You barely miss the komodo dragon.
The komodo dragon is heavily wounded.
The komodo dragon barely misses you.
You slash the komodo dragon!
The komodo dragon is severely wounded.
The komodo dragon barely misses you.
You hit the komodo dragon.
The komodo dragon is almost dead.
The komodo dragon bites you.
* * * LOW HITPOINT WARNING * * *
You hit the komodo dragon.
The komodo dragon is almost dead.
The komodo dragon bites you!
You die...

.....#.#####.....#≈≈≈≈≈≈≈≈≈≈
.....#.# #.....#≈≈≈≈≈≈≈≈≈≈
.....#.# #.....#;;≈≈≈≈≈♣/.
##.....# #####.'........≈≈
#.##### #.'..†.....≈≈ ##.#
#.#≈;≈≈≈≈≈♣.. ##.#
#.#≈≈≈≈≈≈≈≈≈≈ '..#
#l#≈≈≈≈≈≈≈≈≈≈ ####
#@##≈≈≈≈≈≈≈≈≈ #
#..##≈≈≈≈≈≈≈≈ #
##..##≈≈≈≈≈≈≈ # ##..##≈≈≈≈≈≈
# # ###..## ## #
#.(...##########. ##
#.###............ .### #.#
#..#######... .#E# #####
#.####.# #..##


You could see a komodo dragon.

Vanquished Creatures
  The ghost of nago the Carver, a powerful OpBe of Trog (D:9)
  Erica (D:8)
  The ghost of graki42 the Eclecticist, a powerful DENe of Sif Muna (D:8)
  A hill giant (D:9)
  Pikel (D:8)
  A troll (D:8)
  A wyvern (D:9)
  Eustachio (D:6)
  9 yaks (D:9)
  A hippogriff (D:8)
  A hungry ghost (D:8)
  Menkaure (D:7)
  Edmund (D:5)
  The ghost of cireshan the Conjurer, an average TeCj of Vehumet (D:4)
  Duvessa (D:5)
  2 black bears
  An orc warrior (D:7)
  2 sky beasts (D:8)
  A necrophage (D:9)
  4 ogres
  3 slaves (D:8)
  2 phantoms
  2 gnoll sergeants
  Blork the orc (D:5)
  4 giant frogs
  2 big kobolds (D:8)
  Dowan (D:5)
  3 scorpions
  A water moccasin skeleton (D:8)
  4 crimson imps
  4 jellies
  Crazy Yiuf (D:7)
  2 iguanas
  A centaur skeleton (D:7)
  6 hounds
  3 orc priests
  11 worker ants
  4 orc wizards
  3 giant frog skeletons
  2 hound skeletons
  A worker ant zombie (D:9)
  9 adders
  17 gnolls
  3 shadow imps
  6 oozes
  3 adder skeletons
  A worm (D:2)
  5 giant geckos
  34 orcs
  A giant cockroach (D:1)
  18 hobgoblins
  3 jackals (D:4)
  6 quokkas
  A ball python (D:4)
  5 bats
  A giant cockroach zombie (D:5)
  A giant gecko skeleton (D:4)
  3 giant newts
  12 goblins
  12 kobolds
  7 rats
242 creatures vanquished.

Notes
Turn   | Place    | Note
--------------------------------------------------------------
     0 | D:1      | tp1 the Gargoyle Berserker began the quest for the Orb.
     0 | D:1      | Reached XP level 1. HP: 14/14 MP: 1/1
   232 | D:1      | Reached XP level 2. HP: 19/19 MP: 2/2
   879 | D:2      | Reached XP level 3. HP: 23/23 MP: 3/3
  1059 | D:2      | Acquired Trog's second power
  1329 | D:2      | Reached skill level 4 in Fighting
  1329 | D:2      | Reached XP level 4. HP: 25/29 MP: 4/4
  1524 | D:2      | Found a deep blue altar of Sif Muna.
  1921 | D:3      | Reached XP level 5. HP: 30/33 MP: 5/5
  1945 | D:3      | Found an ancient bone altar of Kikubaaqudgha.
  2631 | D:4      | Reached XP level 6. HP: 20/39 MP: 6/6
  2728 | D:4      | Found a staircase to the Ecumenical Temple.
  3137 | D:4      | Noticed cireshan's ghost (average TeCj)
  3151 | D:4      | Killed cireshan's ghost
  3151 | D:4      | Reached skill level 5 in Fighting
  3151 | D:4      | Reached XP level 7. HP: 44/44 MP: 7/7
  3606 | D:5      | Entered Level 5 of the Dungeon
  3614 | D:5      | Reached skill level 5 in Armour
  3616 | D:5      | Found a radiant altar of Vehumet.
  3626 | D:5      | Found a glowing golden altar of the Shining One.
  3626 | D:5      | Found a white marble altar of Elyvilon.
  3765 | D:5      | Reached skill level 5 in Axes
  4029 | D:5      | Reached XP level 8. HP: 45/50 MP: 8/8
  4163 | D:5      | Noticed Edmund
  4176 | D:5      | Killed Edmund
  4211 | D:5      | Gained mutation: You have a pair of small horns on your head. [potion of beneficial mutation]
  4406 | D:5      | Noticed Blork the orc
  4418 | D:5      | Killed Blork the orc
  4421 | D:5      | Reached skill level 6 in Fighting
  4609 | D:5      | Noticed Duvessa
  4610 | D:5      | Noticed Dowan
  4650 | D:5      | Killed Duvessa
  4695 | D:5      | Killed Dowan
  4954 | D:6      | Noticed Eustachio
  4964 | D:6      | Killed Eustachio
  4998 | D:6      | Got an encrusted helmet
  5051 | D:6      | Found an opulent altar of Gozag.
  5220 | D:6      | Reached skill level 7 in Armour
  5220 | D:6      | Reached XP level 9. HP: 56/56 MP: 9/9
  5520 | D:7      | Noticed Menkaure
  5527 | D:7      | Killed Menkaure
  5818 | D:7      | Noticed Crazy Yiuf
  5825 | D:7      | Killed Crazy Yiuf
  5912 | D:7      | Got a fine ruby amulet
  6450 | D:8      | Found Usysah's Gadget Shoppe.
  6532 | D:8      | Noticed graki42's ghost (powerful DENe)
  6552 | D:8      | Killed graki42's ghost
  6552 | D:8      | Reached skill level 8 in Armour
  6552 | D:8      | Reached skill level 1 in Stealth
  6618 | D:8      | Noticed Pikel
  6648 | D:8      | Killed Pikel
  6648 | D:8      | Reached XP level 10. HP: 16/64 MP: 10/10
  6929 | D:8      | Acquired Trog's third power
  7043 | D:8      | Noticed Erica
  7058 | D:8      | Killed Erica
  7058 | D:8      | Reached skill level 9 in Armour
  7714 | D:9      | Noticed nago's ghost (powerful OpBe)
  7731 | D:9      | Killed nago's ghost
  7924 | D:9      | Noticed a hill giant
  7931 | D:9      | Killed a hill giant
  7931 | D:9      | Reached skill level 5 in Dodging
  7931 | D:9      | Reached XP level 11. HP: 61/72 MP: 11/11
  7946 | D:9      | Reached skill level 10 in Armour
  8003 | D:9      | Reached skill level 10 in Fighting
  8219 | D:9      | Found a stormy altar of Qazlal.
  8532 | D:9      | Slain by a komodo dragon

Vault maps used:
D:1:      scummos_arrival_gate
D:2:      lemuel_blue_sif_altar
D:3:      kiku_gazebo_pond_becter, first_bread, minmay_misc_feat_room
D:4:      corexii_shantytown, minmay_temple_entry_poolview
D:5:      gammafunk_temple_overflow_forgotten, uniq_blork_the_orc, uniq_edmund,
          uniq_duvessa
D:6:      grunt_gozag_statues, uniq_eustachio
D:7:      uniq_crazy_yiuf_cottage, uniq_menkaure
D:8:      enter_ossuary_5, serial_shops, shop, hangedman_little_slice_of_home,
          uniq_pikel, uniq_erica
D:9:      kennysheep_big_flooded_room, nicolae_qazlal_style_of_elements

Action                   |  1- 3 |  4- 6 |  7- 9 | 10-12 || total
-------------------------+-------+-------+-------+-------++-------
Melee: Hand axe          |   105 |    15 |       |       ||   120
       War axe           |       |   161 |   357 |   220 ||   738
Invok: Berserk           |     4 |     5 |    15 |     6 ||    30
       Trog's Hand       |       |     2 |    11 |     3 ||    16
Evoke: Wand              |       |       |     1 |     1 ||     2
  Use: Scroll            |       |       |    11 |       ||    11
       Potion            |       |       |    12 |     1 ||    13
  Eat: Chunk             |     5 |     7 |    18 |     4 ||    34
       Bread ration      |       |     1 |     3 |     1 ||     5
       Fruit             |       |       |     3 |       ||     3
